Map: [ESL] Inside and Out

Players

Rex

  • Race: Zerg Zerg
  • League: Diamond
  • Spawn Location: 1:00

HeroMarine - Winner!

  • Race: Terran Terran
  • League: Master
  • Spawn Location: 7:00

Event: HomeStory Cup XXII

VOD

Have the link to the VOD?

Description

Time

  • Played on: Dec. 16, 2022, 8:50 a.m.
  • Length: 22:32

All games in this series

Show
View Real Time Build Order
Export as new Build Order

Rex Zerg 

Build Orders: Hatch First 

Get SALT Encoding   

  12  0:00  Drone  
  13  0:13  Overlord  
  13  0:18  Drone  
  14  0:31  Drone x2  
  16  0:49  Hatchery  
  15  0:52  Drone  
  15  0:55  Drone  
  17  0:58  Drone  
  18  1:09  Extractor  
  17  1:13  Spawning Pool  
  17  1:16  Drone  
  17  1:20  Drone  
  18  1:28  Drone  
  19  1:40  Drone  
  20  1:50  Drone  
  21  2:01  Queen x2  
  21  2:02  Zergling x4  
  27  2:11  Overlord  
  27  2:12  Drone  
  28  2:22  Hatchery  
  28  2:24  Drone  
  28  2:29  Drone  
  29  2:33  Drone  
  30  2:40  Queen  
  30  2:41  Drone  
  33  2:45  Metabolic Boost  
  33  2:50  Overlord  
  33  2:52  Drone  
  33  2:56  Drone  
  33  2:57  Drone  
  36  3:09  Queen  
  36  3:10  Drone x2  
  40  3:14  Overlord  
  40  3:15  Drone x2  
  42  3:25  Queen  
  44  3:32  Overlord  
  44  3:37  Drone x4  
  48  3:41  Drone  
  48  3:42  Drone x3  
  48  3:47  Lair  
  52  3:50  Overlord  
  52  3:55  Zergling x2  
  52  3:56  Zergling x6  
  52  3:58  Drone  
  57  4:04  Queen  
  57  4:06  Extractor  
  57  4:09  Drone  
  58  4:10  Drone x3  
  58  4:14  Queen  
  63  4:20  Drone  
  63  4:22  Roach Warren  
  63  4:25  Zergling x6  
  63  4:31  Spore Crawler  
  65  4:34  Spore Crawler  
  65  4:36  Spore Crawler  
  63  4:39  Overlord  
  63  4:40  Overlord  
  63  4:51  Nydus Network  
  63  4:52  Queen  
  64  4:53  Overseer  
  64  5:04  Overseer  
  64  5:08  Queen x2, Drone x4  
  64  5:12  Roach x2  
  76  5:15  Roach  
  76  5:19  Roach  
  79  5:23  Roach  
  79  5:27  Roach  
  83  5:35  Overseer  
  81  5:37  Queen  
  81  5:40  Nydus Canal  
  81  5:41  Zergling x12  
  81  5:42  Zergling x2  
  84  5:44  Queen  
  86  5:52  Zergling x2  
  86  5:53  Zergling x6, Overlord  
  86  5:56  Nydus Canal  
  90  6:13  Zergling x2, Drone  
  90  6:18  Nydus Canal  
  81  6:22  Zergling x2, Drone  
  81  6:23  Zergling x2, Drone  
  81  6:24  Zergling x2  
  75  6:26  Queen x3  
  75  6:31  Zergling x2  
  81  6:35  Zergling x10  
  84  6:40  Zergling x2  
  84  6:48  Zergling x6  
  86  7:00  Zergling x2, Roach x2  
  90  7:05  Queen  
  89  7:14  Roach x6  
  88  7:21  Overseer  
  81  7:27  Roach  
  81  7:28  Roach  
  81  7:29  Roach x4  
  84  7:34  Roach  
  86  7:37  Roach  
  86  7:41  Roach  
  86  7:42  Hatchery  
  86  7:43  Extractor x2  
  81  7:47  Extractor, Evolution Chamber  
  81  7:48  Drone, Evolution Chamber  
  81  7:49  Drone  
  81  7:51  Glial Reconstitution  
  80  7:53  Drone x3, Extractor  
  80  7:54  Drone x7  
  80  7:58  Drone  
  90  8:14  Overlord  
  90  8:16  Overlord  
  90  8:17  Overlord x3  
  90  8:25  Overlord  
  90  8:27  Zerg Ground Armor Level 1, Zerg Missile Weapons Level 1  
  90  8:29  Overlord x3  
  90  8:37  Drone x4  
  90  8:38  Drone x4  
  100  8:41  Roach  
  100  8:45  Ravager x3  
  103  8:49  Drone x5  
  103  8:51  Drone x2, Hatchery  
  103  8:54  Drone  
  110  8:58  Nydus Canal  
  110  8:59  Infestation Pit  
  105  9:20  Drone x2  
  105  9:22  Roach x3  
  113  9:32  Roach x5  
  113  9:34  Overlord  
  113  9:35  Hatchery  
  122  9:41  Roach x3  
  128  9:46  Hive  
  128  9:49  Ravager  
  128  9:50  Baneling Nest  
  128  9:53  Zergling x6  
  128  9:55  Ravager  
  128  9:56  Drone x2  
  128  9:57  Drone  
  135  10:00  Drone x2  
  135  10:04  Drone x3  
  140  10:08  Drone x2, Ravager  
  140  10:11  Zergling x2  
  140  10:12  Ravager  
  145  10:21  Roach x3  
  151  10:24  Nydus Canal  
  151  10:27  Roach x2  
  151  10:28  Ravager x2  
  155  10:30  Zerg Ground Armor Level 2  
  151  10:37  Roach x4  
  151  10:41  Roach x2  
  154  10:43  Ravager x2  
  154  10:47  Zerg Melee Weapons Level 1  
  154  10:49  Nydus Canal  
  156  10:53  Roach x3  
  156  10:55  Zergling x6, Roach  
  153  11:02  Zergling x2, Roach x3  
  135  11:12  Roach  
  135  11:13  Roach x5  
  135  11:15  Ravager  
  148  11:19  Zergling x2, Roach  
  149  11:25  Zergling x10  
  149  11:26  Zergling x2  
  149  11:29  Zergling x12  
  149  11:32  Nydus Canal  
  145  11:36  Roach x3  
  145  11:37  Ravager  
  145  11:38  Ravager  
  151  11:42  Centrifugal Hooks  
  151  11:44  Zergling x6  
  151  11:46  Extractor  
  152  11:52  Roach x2  
  130  11:58  Roach x9  
  130  11:59  Queen  
  130  12:05  Roach  
  130  12:06  Roach, Ravager  
  129  12:11  Roach x3  
  129  12:14  Roach  
  125  12:20  Roach x2  
  115  12:26  Zergling x16  
  115  12:27  Ravager x3  
  115  12:29  Queen x2  
  126  12:33  Roach x2  
  126  12:42  Roach x4  
  121  12:48  Baneling x2  
  121  12:49  Zergling x4  
  118  12:55  Roach x2  
  118  12:58  Ravager  
  115  12:59  Roach x2  
  115  13:04  Hatchery  
  106  13:05  Roach  
  106  13:06  Zergling x4, Roach x2  
  106  13:07  Ravager  
  106  13:10  Ravager  
  111  13:16  Roach  
  111  13:17  Roach x3  
  111  13:18  Ravager  
  111  13:19  Ravager  
  117  13:23  Zergling x4, Roach  
  121  13:28  Ravager x2  
  123  13:35  Zergling x6  
  123  13:40  Baneling x4  
  125  13:46  Nydus Canal, Hatchery  
  125  13:47  Zergling x10  
  128  13:52  Zergling x6  
  131  13:57  Drone x3  
  131  13:58  Drone  
  131  14:00  Drone  
  136  14:04  Viper  
  136  14:07  Viper  
  136  14:11  Zergling x2  
  136  14:12  Zergling x4  
  132  14:17  Zergling x6, Drone  
  136  14:26  Baneling x11  
  136  14:33  Zergling x8  
  136  14:37  Zerg Melee Weapons Level 2  
  140  14:46  Zergling x12  
  140  14:51  Zergling x4  
  148  14:57  Adrenal Glands  
  148  15:01  Zergling x6  
  149  15:12  Zergling x14  
  150  15:22  Hatchery  
  150  15:28  Zerg Ground Armor Level 3  
  149  15:33  Ultralisk Cavern  
  147  15:36  Zergling x8  
  147  15:38  Ravager x3  
  154  15:43  Burrow  
  154  15:45  Baneling x2  
  154  15:46  Baneling x2  
  154  15:55  Zergling x10  
  154  15:56  Zergling x8  
  157  16:11  Zergling x2  
  157  16:12  Zergling x24  
  158  16:21  Zergling x8  
  145  16:29  Zergling x6  
  145  16:32  Baneling x7  
  147  16:42  Overseer  
  147  16:43  Zergling x18  
  156  16:47  Hatchery  
  156  16:50  Baneling  
  156  16:51  Baneling x5  
  155  16:55  Baneling x8  
  148  17:03  Zergling x22  
  148  17:07  Zergling x4  
  145  17:08  Chitinous Plating  
  145  17:18  Zergling x12  
  144  17:23  Baneling  
  144  17:24  Baneling x3  
  144  17:27  Nydus Canal  
  141  17:32  Zergling x8  
  127  17:46  Zergling x8  
  117  17:53  Zergling x10  
  117  18:00  Zergling x6  
  110  18:10  Zergling x8  
  112  18:22  Infestor x3  
  110  18:33  Hatchery  
  109  18:35  Drone  
  110  18:42  Baneling x7  
  110  18:47  Infestor  
  112  19:03  Neural Parasite  
  112  19:06  Pneumatized Carapace  
  112  19:07  Overseer x2  
  112  19:18  Zergling x30  
  112  19:21  Anabolic Synthesis  
  127  19:31  Spore Crawler  
  126  19:33  Ultralisk  
  132  19:44  Ultralisk  
  136  19:58  Zergling x22  
  147  20:18  Ultralisk  
  147  20:19  Ultralisk x2  
  161  20:45  Zergling x2  
  161  20:46  Zergling x8  
  161  20:48  Hatchery  
  160  20:55  Spore Crawler  
  156  21:01  Zergling x18  
  166  21:12  Zergling x2  
  166  21:16  Baneling x6  
  159  21:56  Overlord x5  
  155  22:05  Overlord x3  
Show
View Real Time Build Order
Export as new Build Order

HeroMarine Terran - Winner!

Build Orders: Reaper Expand, Hellion Banshee 

Get SALT Encoding   

  12  0:00  SCV  
  13  0:12  SCV  
  14  0:17  Supply Depot  
  14  0:24  SCV  
  15  0:38  SCV  
  15  0:40  Barracks  
  16  0:43  Refinery  
  16  0:50  SCV  
  17  1:02  SCV  
  18  1:15  SCV  
  19  1:27  Reaper, Orbital Command  
  20  1:39  Command Center  
  20  1:46  Refinery  
  20  1:52  SCV  
  21  1:55  Supply Depot  
  21  1:59  Reaper  
  22  2:04  SCV  
  23  2:16  SCV  
  23  2:18  Factory  
  24  2:29  SCV  
  25  2:32  Barracks Reactor  
  25  2:41  SCV  
  26  2:52  Orbital Command  
  26  2:53  SCV  
  27  3:05  SCV  
  28  3:08  Starport  
  28  3:14  Hellion x2  
  28  3:17  SCV x2, Barracks Tech Lab  
  34  3:22  Supply Depot  
  34  3:29  SCV x2  
  36  3:35  Hellion x2  
  40  3:41  SCV x2  
  40  3:45  Marine  
  40  3:47  Supply Depot  
  43  3:49  Banshee  
  43  3:53  SCV x2  
  48  3:59  Hellion x2  
  52  4:05  SCV  
  52  4:06  SCV  
  52  4:08  Barracks Tech Lab  
  54  4:15  Command Center  
  54  4:17  SCV  
  54  4:18  SCV  
  56  4:29  Stimpack  
  56  4:30  SCV x2  
  58  4:34  Factory Reactor  
  58  4:35  Supply Depot  
  61  4:42  SCV  
  62  4:46  Barracks  
  62  4:48  Barracks  
  62  4:55  SCV x2  
  62  4:57  Marine  
  62  4:59  Engineering Bay x2, Refinery  
  62  5:00  Refinery  
  62  5:01  Starport Reactor  
  62  5:07  SCV x2  
  64  5:15  Marine  
  64  5:19  SCV x2  
  61  5:29  Siege Tank  
  61  5:31  SCV x2  
  61  5:32  Marine  
  67  5:41  Terran Infantry Armor Level 1, Terran Infantry Weapons Level 1  
  65  5:43  SCV x2  
  65  5:45  Marine x3  
  70  5:53  Supply Depot  
  70  5:54  Supply Depot  
  70  5:56  SCV, Medivac x2, Marine x2  
  78  6:00  SCV  
  78  6:03  Marine x3  
  80  6:05  Siege Tank  
  80  6:08  SCV  
  81  6:14  Marine x2  
  66  6:25  Marine  
  66  6:26  Marine  
  66  6:29  Marine  
  66  6:31  Marine  
  66  6:32  SCV  
  71  6:33  SCV  
  71  6:42  Siege Tank  
  71  6:43  SCV  
  71  6:44  SCV  
  71  6:45  Marine  
  71  6:46  Marine x2  
  78  6:47  SCV  
  78  6:53  Combat Shield, Marine  
  80  6:55  SCV  
  80  6:57  SCV  
  80  6:59  Medivac  
  80  7:00  SCV  
  84  7:03  Marine x2  
  84  7:08  SCV  
  84  7:09  SCV, Marine  
  84  7:11  Marine  
  84  7:12  SCV  
  75  7:21  SCV  
  72  7:23  Orbital Command  
  72  7:25  SCV, Marine x2  
  72  7:26  Marine  
  72  7:27  Marine  
  71  7:34  SCV  
  73  7:37  SCV  
  73  7:39  Siege Tank  
  73  7:43  Marine  
  76  7:44  Refinery  
  76  7:46  SCV  
  76  7:48  Orbital Command  
  76  7:49  SCV  
  78  7:53  Medivac x2, Marine  
  78  7:54  Marine  
  78  7:58  Barracks Reactor, SCV  
  84  8:00  Marine  
  84  8:01  SCV  
  87  8:10  Supply Depot  
  87  8:11  SCV, Marine x2  
  90  8:13  SCV, Siege Tank  
  90  8:17  Supply Depot  
  90  8:18  Barracks, Marine  
  95  8:20  SCV, Barracks  
  95  8:23  SCV  
  95  8:25  SCV  
  98  8:29  Marine x2  
  98  8:32  SCV  
  101  8:34  Marine  
  101  8:35  SCV, Marine  
  101  8:37  SCV  
  105  8:43  Marine  
  105  8:44  SCV  
  105  8:45  Medivac, Siege Tank  
  105  8:47  SCV, Medivac, Marine  
  116  8:49  SCV  
  116  8:53  Supply Depot  
  117  9:00  Supply Depot  
  117  9:01  Bunker  
  117  9:05  Bunker  
  117  9:11  SCV  
  117  9:14  SCV x2, Marine  
  117  9:15  Barracks Tech Lab x2, Marauder  
  117  9:16  Marine  
  117  9:17  Marine  
  123  9:20  Marine  
  123  9:22  Siege Tank  
  123  9:23  SCV  
  129  9:26  SCV x2  
  129  9:28  Medivac x2  
  135  9:32  Marine  
  135  9:33  Refinery  
  135  9:34  Marine  
  135  9:35  Supply Depot, Refinery  
  135  9:36  Marauder  
  140  9:38  Armory  
  140  9:39  Concussive Shells, Marauder  
  140  9:44  Marauder  
  143  9:46  Supply Depot  
  143  9:48  Supply Depot  
  143  9:56  Missile Turret  
  143  9:57  Marauder  
  143  9:58  Marine x2  
  147  10:01  Marauder, Siege Tank  
  147  10:03  Marine  
  147  10:04  Marine  
  147  10:06  Marauder  
  156  10:10  Medivac  
  156  10:11  Medivac  
  160  10:16  Marine  
  160  10:19  Marauder  
  163  10:22  Marauder  
  163  10:27  Marauder  
  165  10:28  Marine x2  
  165  10:29  Marine  
  165  10:33  Marine  
  167  10:40  Marauder  
  160  10:43  Medivac x2, Marauder  
  160  10:46  Marine x3  
  160  10:48  SCV, Siege Tank  
  160  10:49  Marauder  
  175  10:51  Marine  
  175  10:52  Terran Infantry Weapons Level 2  
  167  11:00  SCV  
  167  11:01  Marine  
  146  11:04  Marine x3  
  146  11:05  Marauder  
  146  11:09  Marine x2  
  149  11:12  Terran Infantry Armor Level 2  
  144  11:19  Marine  
  144  11:20  Siege Tank  
  144  11:22  Marine x3  
  150  11:26  Command Center, Marauder, Factory  
  150  11:27  Marine x2  
  141  11:37  Marine  
  141  11:39  Marine  
  142  11:40  Marine x2  
  142  11:45  Marine  
  142  11:46  Marauder  
  148  11:47  Marine  
  148  11:52  Siege Tank  
  138  11:54  Marine  
  138  11:56  SCV x3  
  138  11:57  Marine x2  
  138  11:58  Marine  
  133  12:02  Medivac, Marine  
  133  12:05  Marine  
  133  12:07  Marauder  
  138  12:12  Marine  
  138  12:15  Marine x3  
  135  12:20  Marine  
  135  12:23  Marauder  
  135  12:24  Siege Tank  
  135  12:26  Terran Vehicle Weapons Level 1  
  135  12:28  Marauder  
  140  12:30  Marine  
  140  12:32  Barracks  
  140  12:33  Barracks x2, Marine x3  
  143  12:38  Marine  
  134  12:44  Marauder  
  134  12:48  Marauder  
  134  12:49  Medivac x2  
  134  12:50  Marauder  
  134  12:51  Marine x3  
  141  12:52  Factory Tech Lab  
  141  12:56  Siege Tank  
  141  12:58  Marine  
  127  13:06  Marauder  
  127  13:09  Marine x4  
  127  13:10  SCV x2  
  127  13:11  SCV, Marine  
  135  13:15  Marine  
  135  13:16  Siege Tank  
  139  13:26  Marine  
  139  13:27  Marauder, Marine x2  
  140  13:28  Barracks Reactor x2, Ghost Academy, Siege Tank  
  140  13:29  Barracks Tech Lab  
  140  13:32  Marine  
  148  13:38  Refinery, Planetary Fortress  
  148  13:41  Refinery  
  147  13:42  Terran Infantry Armor Level 3  
  147  13:48  Terran Infantry Weapons Level 3, Siege Tank  
  152  14:00  Siege Tank  
  159  14:03  Ghost x3  
  157  14:12  Command Center  
  157  14:17  Command Center  
  157  14:27  Command Center  
  157  14:32  Sensor Tower  
  156  14:41  Siege Tank, Ghost  
  156  14:42  Siege Tank  
  156  14:43  Sensor Tower, Ghost  
  166  14:47  Ghost  
  166  14:49  Missile Turret x2  
  166  14:51  Missile Turret  
  166  14:52  Missile Turret  
  168  14:56  Viking  
  168  14:58  Viking  
  172  15:03  Ghost  
  174  15:10  Ghost  
  174  15:12  Ghost  
  177  15:15  Marine x2  
  178  15:25  Personal Cloaking  
  178  15:27  Command Center  
  178  15:30  Marauder  
  180  15:40  Orbital Command  
  180  15:48  Ghost x3  
  186  15:50  Ghost  
  186  15:54  Refinery  
  187  15:57  Refinery  
  187  16:00  Planetary Fortress  
  185  16:16  Ghost x2  
  187  16:22  Ghost  
  187  16:23  Medivac x2  
  169  16:35  Orbital Command  
  169  16:39  Terran Vehicle Weapons Level 2, Sensor Tower  
  169  16:45  Orbital Command  
  169  16:46  Ghost  
  171  16:49  Ghost  
  171  16:50  Missile Turret  
  171  16:51  Missile Turret, Enhanced Shockwaves  
  173  16:55  Ghost  
  168  17:08  Medivac x2  
  165  17:11  Ghost  
  167  17:17  Ghost  
  167  17:24  Ghost Academy x2  
  167  17:33  Command Center  
  167  17:36  Hi-Sec Auto Tracking, Neosteel Armor  
  161  17:47  Ghost x2  
  161  17:49  Marine, Orbital Command  
  161  17:50  Marine x2  
  158  17:52  Marauder, Marine  
  158  17:56  Orbital Command  
  157  18:01  Ghost  
  157  18:02  Marine x2  
  157  18:04  Orbital Command  
  155  18:09  Siege Tank  
  151  18:17  Siege Tank  
  151  18:19  Marine  
  155  18:21  Marine  
  155  18:23  SCV  
  155  18:26  SCV  
  155  18:27  SCV  
  158  18:29  SCV  
  159  18:37  Nuke x2  
  159  18:39  SCV x2  
  159  18:40  SCV  
  158  18:41  Siege Tank  
  158  18:42  SCV x3  
  164  18:48  Sensor Tower  
  164  18:53  Nuke  
  164  18:54  Missile Turret, Planetary Fortress  
  164  19:02  Siege Tank  
  167  19:10  Liberator x2  
  167  19:11  Factory  
  167  19:16  Missile Turret  
  173  19:23  Ghost x2  
  173  19:27  Siege Tank  
  180  19:32  Factory  
  180  19:34  Siege Tank  
  181  19:53  Nuke  
  181  19:58  Marine  
  188  20:01  Marauder x4, Marine  
  188  20:02  Marine x3  
  188  20:03  Marine x2  
  188  20:04  Factory Tech Lab  
  188  20:05  Infernal Pre-Igniter  
  199  20:08  Siege Tank x2  
  199  20:12  Marine  
  200  20:14  Nuke  
  200  20:26  Nuke  
  200  20:27  Command Center  
  195  21:03  Ghost  
  197  21:07  Command Center, Ghost  
  197  21:08  Marine  
  200  21:28  Missile Turret x2  
  200  21:30  Ghost  
  197  21:37  Nuke  
  191  21:40  Ghost x2  
  191  21:41  Marauder, Marine x2  
  191  21:42  Marine  
  195  22:00  Marauder  
  195  22:01  Missile Turret  
  195  22:02  Refinery  
  195  22:05  Refinery  
  195  22:06  Missile Turret  
  177  22:20  Factory Reactor  
Tags
 
Add a new tag
Caveats
  • Supply blocks, unpowered buildings, or Contaminate may cause inaccurate times.
  • Supply counts are checked every 10 seconds.